Panthers vs Kings

Created - January 24, 2022 at 20:12

Goals
1 2 3 OT1 SO T
Panthers 1 1 1 0 2 4
Kings 0 2 1 0 0 3
Shots
1 2 3 OT1 SO T
Panthers 12 8 7 0 2 27
Kings 9 10 17 1 2 37

1st period

1. Panthers , Alex Galchenyuk 12 (Matt Duchene 18) at 18:54 (PP)

Penalties :
Jonathan Sigalet (Flo) for Boarding (Minor) at 4:57, Sean Bergenheim (Flo) for Hooking (Minor) at 12:07, Brayden Point (L.A) for High sticking (Minor) at 18:52

2nd period

2. Panthers , Alex Galchenyuk 13 (Matt Duchene 19) at 0:04
3. Kings , Joe Pavelski 8 (Jonathan Drouin 9, Anze Kopitar 13) at 3:36
4. Kings , Sergei Shirokov 3 (Derek Boogaard 2, Anze Kopitar 14) at 19:26 (SH)

Penalties :
Jake Gardiner (Flo) for Holding (Minor) at 10:29, Raphael Diaz (L.A) for Slashing (Minor) at 17:33

3rd period

5. Panthers , Sean Bergenheim 5 (Oscar Klefbom 5, Ryan O'Reilly 11) at 14:45
6. Kings , Nathan MacKinnon 9 (Seth Jones 17) at 17:11

Penalties :
Anze Kopitar (L.A) for Roughing (Minor) at 0:03, Nikita Zaitsev (L.A) for Cross-checking (Minor) at 5:48, Nikita Zaitsev (L.A) for Hooking (Minor) at 11:35, Alex Galchenyuk (Flo) for Hooking (Minor) at 17:30

Overtime #1

No Goal

Penalties :
No Penalty

Shootout

Panthers, Alex Galchenyuk - Goal!
Kings, Anze Kopitar - Shot Misses the Net
Panthers, David Pastrnak - Goal!
Kings, Mikko Rantanen - Shot Misses the Net

Penalties :
No Penalty

Goalie Stats

Petr Mrazek (Flo), 34 saves from 37 shots - (0.919), W, 11-4-1, 65:00 minutes
Cory Schneider (L.A), 24 saves from 27 shots - (0.889), OTL, 6-7-4, 65:00 minutes

Players Stats for Panthers

Player Name              G  A  P  +/- PIM S  H  SB GA TA FO     MP     PP MP  PK MP  
------------------------------------------------------------------------------------
Alex Galchenyuk          2  0  2  -1  2   4  1  0  0  0  0/2    21:54   3:15   0:47 
Danny DeKeiser           0  0  0  -1  0   4  1  0  1  1  0/0    22:54   3:05   3:55 
Dany Heatley             0  0  0   0  0   0  1  0  0  0  1/1     8:45   0:58   0:11 
Daultan Leveillé         0  0  0   0  0   1  0  0  0  0  2/4     9:17   0:55   0:00 
David Pastrnak           0  0  0  -1  0   2  1  2  1  0  0/1    21:14   3:15   0:00 
Drew Stafford            0  0  0   1  0   2  0  1  0  0  0/1    11:16   0:55   0:00 
Erik Gudbranson          0  0  0   2  0   2  4  2  1  2  0/0    29:27   4:53   4:10 
Jake Gardiner            0  0  0  -1  2   1  2  0  2  0  0/0    23:03   3:05   3:19 
Jonathan Sigalet         0  0  0  -2  2   0  1  1  0  0  0/0    16:22   0:00   2:33 
Josh Gorges              0  0  0  -2  0   1  3  1  1  1  0/0    14:40   0:00   1:55 
Luke Glendening          0  0  0   0  0   1  1  0  1  0  1/1    12:23   0:10   4:14 
Matt Duchene             0  2  2  -1  0   2  3  0  0  0  16/27  22:19   3:15   1:27 
Max Reinhart             0  0  0   0  0   3  1  0  0  0  6/11   15:20   0:00   4:10 
Nail Yakupov             0  0  0  -1  0   2  1  0  0  0  0/0    13:49   3:38   0:00 
Oscar Klefbom            0  1  1   2  0   0  3  3  1  0  0/0    24:05   4:53   0:00 
Ryan O'Reilly            0  1  1   0  0   0  2  0  2  0  2/13   18:44   3:48   2:55 
Sean Bergenheim          1  0  1   0  2   2  2  1  0  0  0/1    16:04   3:38   2:08 
Tobias Rieder            0  0  0   0  0   0  1  0  0  0  0/0    10:24   0:07   0:00 

Players Stats for Kings

Player Name              G  A  P  +/- PIM S  H  SB GA TA FO     MP     PP MP  PK MP  
------------------------------------------------------------------------------------
Aaron Ekblad             0  0  0   0  0   1  2  0  0  1  0/0    31:58   3:49   2:24 
Anze Kopitar             0  2  2   0  2   3  2  0  0  0  16/26  24:46   3:49   2:20 
Brayden Point            0  0  0  -1  2   0  0  0  0  0  1/7    16:45   3:23   1:46 
Colton Parayko           0  0  0   0  0   0  0  1  0  0  0/0     3:57   1:05   0:00 
Derek Boogaard           0  1  1   0  0   1  2  0  0  1  0/2    15:11   0:00   3:22 
Eric Gryba               0  0  0   2  0   2  1  1  0  1  0/0    19:28   1:08   3:29 
Gabriel Landeskog        0  0  0   0  0   1  1  0  1  0  1/2    21:40   4:33   2:36 
Henrik Sedin             0  0  0   0  0   2  0  0  0  0  2/2     1:36   0:00   0:00 
Joe Pavelski             1  0  1   0  0   3  0  0  0  1  0/0    19:01   0:01   3:16 
Jonathan Drouin          0  1  1   0  0   5  3  0  0  0  0/1    15:55   3:22   0:00 
Marek Svatos             0  0  0  -1  0   3  1  0  0  1  0/1    10:08   0:00   0:58 
Mikko Rantanen           0  0  0   0  0   3  0  0  0  0  1/1    16:26   4:33   0:18 
Nathan MacKinnon         1  0  1   1  0   5  0  0  1  1  12/19  22:44   4:33   1:02 
Nikita Zaitsev           0  0  0   0  4   0  4  1  0  1  0/0    20:34   0:00   2:24 
Nikolaj Ehlers           0  0  0   1  0   1  1  0  0  1  0/0    11:53   3:23   0:03 
Raphael Diaz             0  0  0  -1  2   2  1  2  1  2  0/0    24:01   2:21   2:55 
Sergei Shirokov          1  0  1   2  0   1  1  0  0  0  1/1    11:47   0:00   1:58 
Seth Jones               0  1  1   1  0   4  0  0  1  0  0/0    24:07   3:40   3:01 

3 Stars

1 - Oscar Klefbom (Flo)
2 - Alex Galchenyuk (Flo)
3 - Sergei Shirokov (L.A)

Power Play

Panthers - 1 on 5 Attempt(s) - 20.00%
Kings - 0 on 4 Attempt(s) - 0.00%

Penalty Kill

Panthers - 4 on 4 Attempt(s) - 100.00% - Score 0 goal in Penalty Kill
Kings - 4 on 5 Attempt(s) - 80.00% - Score 1 goal in Penalty Kill

Team Stat

Panthers - Hits : 28 - Faceoff Wins : 28 - Blocked Shots : 11 - Penalty Minutes : 8
Kings - Hits : 19 - Faceoff Wins : 34 - Blocked Shots : 5 - Penalty Minutes : 10

Official

Referees : Chris Rooney and Jacob Brenk
Linesman : Travis Toomey and Travis Gawryletz

Game Notes

Henrik Sedin is injured at 8:59 of 1st period (Severed Right Wrist Tendon)
Colton Parayko is injured at 9:28 of 1st period (Upper Body)

Finance

Level 1 -- Attendance: 5987 (99.78%) -- Ticket Income $598,700
Level 2 -- Attendance: 5000 (100.00%) -- Ticket Income $300,000
Level 3 -- Attendance: 1774 (88.70%) -- Ticket Income $62,090
Level 4 -- Attendance: 4000 (100.00%) -- Ticket Income $100,000
Luxury Box -- Attendance: 976 (97.60%) -- Ticket Income $195,200
Game was played at the Staples Center.
Total Attendance: 17737 (98.54%)
Total Ticket Income: $1,255,990
Other Income: $188,398
Total Income: $1,444,388

Panthers

5 vs 5 Forward 
   Center                   Left Wing                Right Wing               Time % Phy DF OF 
 1 Matt Duchene             Alex Galchenyuk          David Pastrnak           40     0   2  3  
 2 Ryan O'Reilly            Sean Bergenheim          Drew Stafford            30     0   2  3  
 3 Max Reinhart             Tobias Rieder            Nail Yakupov             20     0   2  3  
 4 Daultan Leveillé         Dany Heatley             Luke Glendening          10     1   2  2  

5 vs 5 Defense 
   Defense                  Defense                                           Time % Phy DF OF 
 1 Erik Gudbranson          Oscar Klefbom                                     40     0   2  3  
 2 Jake Gardiner            Danny DeKeiser                                    30     0   2  3  
 3 Jonathan Sigalet         Josh Gorges                                       20     1   2  2  
 4 Erik Gudbranson          Jake Gardiner                                     10     1   2  2  

PowerPlay Forward 
   Center                   Left Wing                Right Wing               Time % Phy DF OF 
 1 Matt Duchene             Alex Galchenyuk          David Pastrnak           60     0   1  4  
 2 Ryan O'Reilly            Sean Bergenheim          Nail Yakupov             40     0   1  4  

PowerPlay Defense
   Defense                  Defense                                           Time % Phy DF OF 
 1 Erik Gudbranson          Oscar Klefbom                                     60     0   2  3  
 2 Jake Gardiner            Danny DeKeiser                                    40     0   2  3  

Penalty Kill 4 Players Forward 
   Center                   Wing                     Time % Phy DF OF 
 1 Max Reinhart             Luke Glendening          60     0   4  1  
 2 Ryan O'Reilly            Sean Bergenheim          40     0   4  1  

Penalty Kill 4 Players Defense
   Defense                  Defense                  Time % Phy DF OF 
 1 Erik Gudbranson          Jake Gardiner            60     1   4  0  
 2 Danny DeKeiser           Jonathan Sigalet         40     1   4  0  

Penalty Kill - 3 Players Forward 
   Forward                                           Time % Phy DF OF 
 1 Luke Glendening                                   60     0   4  1  
 2 Sean Bergenheim                                   40     0   4  1  

Penalty Kill - 3 Players Defense
   Defense                  Defense                  Time % Phy DF OF 
 1 Erik Gudbranson          Jake Gardiner            60     1   4  0  
 2 Danny DeKeiser           Jonathan Sigalet         40     1   4  0  

4 vs 4 Forward 
   Center                   Wing                     Time % Phy DF OF 
 1 Matt Duchene             David Pastrnak           60     1   2  2  
 2 Ryan O'Reilly            Alex Galchenyuk          40     1   2  2  

4 vs 4 Defense
   Defense                  Defense                  Time % Phy DF OF 
 1 Erik Gudbranson          Oscar Klefbom            60     1   2  2  
 2 Jake Gardiner            Danny DeKeiser           40     1   2  2  

Last Minutes Offensive
   Center                   Left Wing                Right Wing               Defense                  Defense                  
   Matt Duchene             Alex Galchenyuk          David Pastrnak           Erik Gudbranson          Jake Gardiner            

Last Minutes Defensive
   Center                   Left Wing                Right Wing               Defense                  Defense                  
   Max Reinhart             Sean Bergenheim          Luke Glendening          Erik Gudbranson          Danny DeKeiser           

Goaltenders
Starting : Petr Mrazek              
Backup : Tyler Weiman             

Extra Forwards
Normal : Ryan O'Reilly, Alex Galchenyuk, David Pastrnak - PP : Ryan O'Reilly, Alex Galchenyuk - PK : Matt Duchene
Extra Defensemen
Normal : Jake Gardiner, Erik Gudbranson, Oscar Klefbom - PP : Jonathan Sigalet - PK : Danny DeKeiser, Erik Gudbranson
Penalty Shots
Alex Galchenyuk, David Pastrnak, Ryan O'Reilly, Drew Stafford, Matt Duchene

Scratches
None

Kings

5 vs 5 Forward 
   Center                   Left Wing                Right Wing               Time % Phy DF OF 
 1 Anze Kopitar             Jonathan Drouin          Joe Pavelski             30     1   2  2  
 2 Nathan MacKinnon         Gabriel Landeskog        Mikko Rantanen           30     1   2  2  
 3 Henrik Sedin             Sergei Shirokov          Nikolaj Ehlers           20     1   2  2  
 4 Brayden Point            Derek Boogaard           Marek Svatos             20     1   2  2  

5 vs 5 Defense 
   Defense                  Defense                                           Time % Phy DF OF 
 1 Colton Parayko           Raphael Diaz                                      40     2   2  1  
 2 Seth Jones               Aaron Ekblad                                      30     1   2  2  
 3 Eric Gryba               Nikita Zaitsev                                    20     1   3  1  
 4 Aaron Ekblad             Colton Parayko                                    10     1   2  2  

PowerPlay Forward 
   Center                   Left Wing                Right Wing               Time % Phy DF OF 
 1 Nathan MacKinnon         Gabriel Landeskog        Mikko Rantanen           60     0   1  4  
 2 Brayden Point            Jonathan Drouin          Nikolaj Ehlers           40     0   1  4  

PowerPlay Defense
   Defense                  Defense                                           Time % Phy DF OF 
 1 Aaron Ekblad             Seth Jones                                        60     1   2  2  
 2 Colton Parayko           Anze Kopitar                                      40     1   2  2  

Penalty Kill 4 Players Forward 
   Center                   Wing                     Time % Phy DF OF 
 1 Anze Kopitar             Joe Pavelski             60     1   3  1  
 2 Sergei Shirokov          Derek Boogaard           40     1   3  1  

Penalty Kill 4 Players Defense
   Defense                  Defense                  Time % Phy DF OF 
 1 Colton Parayko           Nikita Zaitsev           60     2   3  0  
 2 Eric Gryba               Aaron Ekblad             40     2   3  0  

Penalty Kill - 3 Players Forward 
   Forward                                           Time % Phy DF OF 
 1 Anze Kopitar                                      60     1   4  0  
 2 Joe Pavelski                                      40     1   4  0  

Penalty Kill - 3 Players Defense
   Defense                  Defense                  Time % Phy DF OF 
 1 Colton Parayko           Nikita Zaitsev           60     2   3  0  
 2 Eric Gryba               Aaron Ekblad             40     2   3  0  

4 vs 4 Forward 
   Center                   Wing                     Time % Phy DF OF 
 1 Anze Kopitar             Gabriel Landeskog        60     1   2  2  
 2 Nathan MacKinnon         Joe Pavelski             40     1   2  2  

4 vs 4 Defense
   Defense                  Defense                  Time % Phy DF OF 
 1 Colton Parayko           Raphael Diaz             60     1   2  2  
 2 Seth Jones               Aaron Ekblad             40     1   2  2  

Last Minutes Offensive
   Center                   Left Wing                Right Wing               Defense                  Defense                  
   Anze Kopitar             Gabriel Landeskog        Joe Pavelski             Colton Parayko           Raphael Diaz             

Last Minutes Defensive
   Center                   Left Wing                Right Wing               Defense                  Defense                  
   Anze Kopitar             Gabriel Landeskog        Joe Pavelski             Colton Parayko           Raphael Diaz             

Goaltenders
Starting : Cory Schneider           
Backup : Jonas Gustavsson         

Extra Forwards
Normal : Henrik Sedin, Nathan MacKinnon, Anze Kopitar - PP : Joe Pavelski, Henrik Sedin - PK : Gabriel Landeskog
Extra Defensemen
Normal : Aaron Ekblad, Colton Parayko, Nikita Zaitsev - PP : Raphael Diaz - PK : Seth Jones, Raphael Diaz
Penalty Shots
Anze Kopitar, Mikko Rantanen, Joe Pavelski, Gabriel Landeskog, Derek Boogaard

Scratches
Tim Connolly (Healthy)

% Time on Ice - Panthers

Lines # - Real PCT - Wanted PCT - Time Play
Normal Forward
1 - 38% - 40% - 16:47
2 - 24% - 30% - 10:27
3 - 23% - 20% - 10:21
4 - 15% - 10% - 6:31
Normal Defense
1 - 37% - 40% - 16:25
2 - 30% - 30% - 13:22
3 - 27% - 20% - 12:02
4 - 5% - 10% - 2:17
PP Forward
1 - 42% - 60% - 3:21
2 - 58% - 40% - 4:37
PP Defense
1 - 61% - 60% - 4:53
2 - 39% - 40% - 3:05
PK Forward
1 - 63% - 60% - 5:01
2 - 37% - 40% - 2:55
PK Defense
1 - 56% - 60% - 4:28
2 - 44% - 40% - 3:28
PK3 Forward
1 - 0% - 60%
2 - 0% - 40%
PK3 Defense
1 - 0% - 60%
2 - 0% - 40%
44 Forward
1 - 100% - 60% - 5:00
2 - 0% - 40% - 0:00
44 Defense
1 - 70% - 60% - 3:31
2 - 30% - 40% - 1:29
Last Minute Offensive  - 0:00
Last Minute Defensive  - 0:00
Total
Forward - 65:00
Defense - 65:00

% Time on Ice - Kings

Lines # - Real PCT - Wanted PCT - Time Play
Normal Forward
1 - 30% - 30% - 13:06
2 - 26% - 30% - 11:20
3 - 25% - 20% - 11:06
4 - 19% - 20% - 8:34
Normal Defense
1 - 42% - 40% - 18:32
2 - 30% - 30% - 13:14
3 - 17% - 20% - 7:31
4 - 11% - 10% - 4:49
PP Forward
1 - 57% - 60% - 4:33
2 - 43% - 40% - 3:23
PP Defense
1 - 50% - 60% - 3:59
2 - 50% - 40% - 3:57
PK Forward
1 - 67% - 60% - 5:18
2 - 33% - 40% - 2:40
PK Defense
1 - 80% - 60% - 6:22
2 - 20% - 40% - 1:36
PK3 Forward
1 - 0% - 60%
2 - 0% - 40%
PK3 Defense
1 - 0% - 60%
2 - 0% - 40%
44 Forward
1 - 78% - 60% - 3:54
2 - 22% - 40% - 1:06
44 Defense
1 - 79% - 60% - 3:58
2 - 21% - 40% - 1:02
Last Minute Offensive  - 0:00
Last Minute Defensive  - 0:00
Total
Forward - 65:00
Defense - 65:00

Play-by-Play

1st period


0:01 of 1st period - Matt Duchene wins face-off versus Anze Kopitar in neutral zone.
0:12 of 1st period - Snap shot by Alex Galchenyuk.
0:12 of 1st period - Stopped by Cory Schneider with a rebound.
0:14 of 1st period - Snap shot by Erik Gudbranson.
0:14 of 1st period - Stopped by Cory Schneider without a rebound.
0:15 of 1st period - Nathan MacKinnon wins face-off versus Sean Bergenheim in Kings zone.
0:15 of 1st period - Nathan MacKinnon is hit by Danny DeKeiser.
1:06 of 1st period - Alex Galchenyuk is hit by Derek Boogaard.
1:26 of 1st period - Anze Kopitar is hit by Erik Gudbranson and loses puck.
1:45 of 1st period - Backhand shot by Gabriel Landeskog.
1:45 of 1st period - Shot Blocked by Drew Stafford.
1:47 of 1st period - Slapshot by Nikita Zaitsev.
1:47 of 1st period - Shot Blocked by Erik Gudbranson.
1:49 of 1st period - Snap shot by Eric Gryba.
1:49 of 1st period - Shot Misses the Net.
2:14 of 1st period - Snap shot by Mikko Rantanen.
2:14 of 1st period - Shot Blocked by Oscar Klefbom.
2:16 of 1st period - Slapshot by Eric Gryba.
2:16 of 1st period - Stopped by Petr Mrazek without a rebound.
2:17 of 1st period - Matt Duchene wins face-off versus Brayden Point in Panthers zone.
2:34 of 1st period - Snap shot by Matt Duchene.
2:34 of 1st period - Stopped by Cory Schneider without a rebound.
2:35 of 1st period - Henrik Sedin wins face-off versus Max Reinhart in Kings zone.
2:40 of 1st period - Wrist shot by Max Reinhart.
2:40 of 1st period - Shot Misses the Net.
2:42 of 1st period - Snap shot by Jonathan Sigalet.
2:42 of 1st period - Deflect By Nail Yakupov.
2:42 of 1st period - Stopped by Cory Schneider with a rebound.
2:44 of 1st period - Slapshot by Josh Gorges.
2:44 of 1st period - Shot Misses the Net.
2:46 of 1st period - Slapshot by Jonathan Sigalet.
2:46 of 1st period - Shot Blocked by Colton Parayko.
2:48 of 1st period - Slapshot by Josh Gorges.
2:48 of 1st period - Deflect By Sergei Shirokov.
2:48 of 1st period - Stopped by Cory Schneider without a rebound.
2:49 of 1st period - Matt Duchene wins face-off versus Anze Kopitar in Kings zone.
3:00 of 1st period - Matt Duchene is hit by Raphael Diaz and loses puck.
3:17 of 1st period - Snap shot by Sergei Shirokov.
3:17 of 1st period - Deflect By Henrik Sedin.
3:17 of 1st period - Stopped by Petr Mrazek with a rebound.
4:49 of 1st period - Joe Pavelski is hit by Alex Galchenyuk and loses puck.
4:57 of 1st period - Minor Penalty to Jonathan Sigalet for Boarding.
4:58 of 1st period - Luke Glendening wins face-off versus Nathan MacKinnon in Panthers zone.
5:33 of 1st period - Danny DeKeiser is hit by Anze Kopitar and loses puck.
6:22 of 1st period - Anze Kopitar is hit by Josh Gorges and loses puck.
6:57 of 1st period - Penalty to Jonathan Sigalet is over, Jonathan Sigalet is back on ice.
7:15 of 1st period - Wrist shot by Henrik Sedin.
7:15 of 1st period - Stopped by Petr Mrazek with a rebound.
7:29 of 1st period - Wrist shot by Max Reinhart.
7:29 of 1st period - Stopped by Cory Schneider without a rebound.
7:30 of 1st period - Henrik Sedin wins face-off versus Ryan O'Reilly in Kings zone.
7:51 of 1st period - Colton Parayko is hit by Oscar Klefbom and loses puck.
8:12 of 1st period - Colton Parayko is hit by Ryan O'Reilly and loses puck.
8:58 of 1st period - Henrik Sedin is hit by Jonathan Sigalet and loses puck.
8:59 of 1st period - Henrik Sedin from Kings is injured at 8:59 of 1st period (Severed Right Wrist Tendon).
9:00 of 1st period - Ryan O'Reilly wins face-off versus Nathan MacKinnon in Kings zone.
9:27 of 1st period - Colton Parayko is hit by Erik Gudbranson and loses puck.
9:28 of 1st period - Colton Parayko from Kings is injured at 9:28 of 1st period (Upper Body).
9:29 of 1st period - Nathan MacKinnon wins face-off versus Matt Duchene in Kings zone.
9:34 of 1st period - Slapshot by Mikko Rantanen.
9:34 of 1st period - Shot Blocked by Erik Gudbranson.
9:36 of 1st period - Snap shot by Nathan MacKinnon.
9:36 of 1st period - Stopped by Petr Mrazek without a rebound.
9:37 of 1st period - Nathan MacKinnon wins face-off versus Alex Galchenyuk in Panthers zone.
9:42 of 1st period - Wrist shot by Gabriel Landeskog.
9:42 of 1st period - Shot Misses the Net.
9:58 of 1st period - Wrist shot by Gabriel Landeskog.
9:58 of 1st period - Shot Blocked by Oscar Klefbom.
10:00 of 1st period - Slapshot by Nathan MacKinnon.
10:00 of 1st period - Stopped by Petr Mrazek with a rebound.
10:20 of 1st period - Slapshot by Gabriel Landeskog.
10:20 of 1st period - Shot Misses the Net.
10:22 of 1st period - Wrist shot by Gabriel Landeskog.
10:22 of 1st period - Shot Misses the Net.
10:24 of 1st period - Slapshot by Raphael Diaz.
10:24 of 1st period - Shot Blocked by David Pastrnak.
10:26 of 1st period - Snap shot by Mikko Rantanen.
10:26 of 1st period - Shot Misses the Net.
10:28 of 1st period - Slapshot by Mikko Rantanen.
10:28 of 1st period - Shot Misses the Net.
10:40 of 1st period - Wrist shot by Gabriel Landeskog.
10:40 of 1st period - Shot Blocked by Oscar Klefbom.
10:42 of 1st period - Wrist shot by Nathan MacKinnon.
10:42 of 1st period - Shot Misses the Net.
10:44 of 1st period - Snap shot by Nathan MacKinnon.
10:44 of 1st period - Shot Misses the Net.
10:46 of 1st period - Snap shot by Mikko Rantanen.
10:46 of 1st period - Stopped by Petr Mrazek with a rebound.
10:48 of 1st period - Slapshot by Gabriel Landeskog.
10:48 of 1st period - Shot Misses the Net.
10:50 of 1st period - Slapshot by Raphael Diaz.
10:50 of 1st period - Stopped by Petr Mrazek without a rebound.
10:51 of 1st period - Anze Kopitar wins face-off versus Ryan O'Reilly in Panthers zone.
12:07 of 1st period - Minor Penalty to Sean Bergenheim for Hooking.
12:08 of 1st period - Max Reinhart wins face-off versus Nathan MacKinnon in Panthers zone.
12:25 of 1st period - Snap shot by Max Reinhart.
12:25 of 1st period - Shot Misses the Net.
13:37 of 1st period - Raphael Diaz is hit by Jake Gardiner and loses puck.
14:07 of 1st period - Penalty to Sean Bergenheim is over, Sean Bergenheim is back on ice.
14:40 of 1st period - Nikita Zaitsev is hit by Tobias Rieder and loses puck.
16:12 of 1st period - Snap shot by Jake Gardiner.
16:12 of 1st period - Stopped by Cory Schneider without a rebound.
16:13 of 1st period - Matt Duchene wins face-off versus Derek Boogaard in Kings zone.
16:32 of 1st period - Anze Kopitar is hit by Erik Gudbranson.
16:41 of 1st period - Snap shot by Max Reinhart.
16:41 of 1st period - Stopped by Cory Schneider with a rebound.
17:23 of 1st period - Wrist shot by Nathan MacKinnon.
17:23 of 1st period - Shot Misses the Net.
17:33 of 1st period - Snap shot by Gabriel Landeskog.
17:33 of 1st period - Shot Misses the Net.
17:35 of 1st period - Slapshot by Raphael Diaz.
17:35 of 1st period - Stopped by Petr Mrazek with a rebound.
17:37 of 1st period - Slapshot by Gabriel Landeskog.
17:37 of 1st period - Stopped by Petr Mrazek without a rebound.
17:38 of 1st period - Anze Kopitar wins face-off versus Matt Duchene in Panthers zone.
17:47 of 1st period - Wrist shot by Anze Kopitar.
17:47 of 1st period - Shot Misses the Net.
17:53 of 1st period - Snap shot by Joe Pavelski.
17:53 of 1st period - Deflect By Anze Kopitar.
17:53 of 1st period - Shot Misses the Net.
17:53 of 1st period - Puck is out of play.
17:54 of 1st period - Ryan O'Reilly wins face-off versus Marek Svatos in Panthers zone.
18:05 of 1st period - Snap shot by Ryan O'Reilly.
18:05 of 1st period - Shot Misses the Net.
18:07 of 1st period - Snap shot by Danny DeKeiser.
18:07 of 1st period - Stopped by Cory Schneider without a rebound.
18:08 of 1st period - Matt Duchene wins face-off versus Anze Kopitar in Kings zone.
18:40 of 1st period - Wrist shot by Drew Stafford.
18:40 of 1st period - Stopped by Cory Schneider with a rebound.
18:52 of 1st period - Minor Penalty to Brayden Point for High sticking.
18:53 of 1st period - Matt Duchene wins face-off versus Anze Kopitar in Kings zone.
18:54 of 1st period - Snap shot by Alex Galchenyuk.
18:54 of 1st period - Goal by Alex Galchenyuk - Panthers : 1 - Kings : 0.
18:55 of 1st period - Anze Kopitar wins face-off versus Matt Duchene in neutral zone.
18:58 of 1st period - Anze Kopitar is hit by Erik Gudbranson and loses puck.
19:40 of 1st period - Snap shot by Luke Glendening.
19:40 of 1st period - Shot Misses the Net.
19:42 of 1st period - Slapshot by Danny DeKeiser.
19:42 of 1st period - Stopped by Cory Schneider with a rebound.
Goals for this period are 1 for Panthers vs 0 for Kings.
Shots for this period are 12 for Panthers vs 9 for Kings.

2nd period


0:01 of 2nd period - Matt Duchene wins face-off versus Jonathan Drouin in neutral zone.
0:04 of 2nd period - Snap shot by Alex Galchenyuk.
0:04 of 2nd period - Goal by Alex Galchenyuk - Panthers : 2 - Kings : 0.
0:05 of 2nd period - Matt Duchene wins face-off versus Anze Kopitar in neutral zone.
0:08 of 2nd period - Slapshot by Erik Gudbranson.
0:08 of 2nd period - Shot Misses the Net.
0:52 of 2nd period - Slapshot by Danny DeKeiser.
0:52 of 2nd period - Stopped by Cory Schneider with a rebound.
1:26 of 2nd period - Matt Duchene is hit by Nikita Zaitsev and loses puck.
1:46 of 2nd period - Off-side.
1:47 of 2nd period - Anze Kopitar wins face-off versus Ryan O'Reilly in neutral zone.
1:57 of 2nd period - Snap shot by Anze Kopitar.
1:57 of 2nd period - Shot Blocked by Sean Bergenheim.
2:20 of 2nd period - Max Reinhart is hit by Aaron Ekblad and loses puck.
2:43 of 2nd period - Slapshot by Danny DeKeiser.
2:43 of 2nd period - Shot Misses the Net.
2:45 of 2nd period - Snap shot by Matt Duchene.
2:45 of 2nd period - Stopped by Cory Schneider without a rebound.
2:46 of 2nd period - Anze Kopitar wins face-off versus Matt Duchene in Kings zone.
2:46 of 2nd period - Anze Kopitar is hit by Matt Duchene.
2:54 of 2nd period - Wrist shot by Anze Kopitar.
2:54 of 2nd period - Shot Misses the Net.
3:09 of 2nd period - David Pastrnak is hit by Nikita Zaitsev and loses puck.
3:22 of 2nd period - Snap shot by Anze Kopitar.
3:22 of 2nd period - Stopped by Petr Mrazek with a rebound.
3:34 of 2nd period - Wrist shot by Anze Kopitar.
3:34 of 2nd period - Deflect By Jonathan Drouin.
3:34 of 2nd period - Stopped by Petr Mrazek with a rebound.
3:36 of 2nd period - Snap shot by Joe Pavelski.
3:36 of 2nd period - Goal by Joe Pavelski - Panthers : 2 - Kings : 1.
3:37 of 2nd period - Nathan MacKinnon wins face-off versus Ryan O'Reilly in neutral zone.
3:53 of 2nd period - Snap shot by Sean Bergenheim.
3:53 of 2nd period - Stopped by Cory Schneider without a rebound.
3:54 of 2nd period - Matt Duchene wins face-off versus Brayden Point in Kings zone.
4:10 of 2nd period - Erik Gudbranson is hit by Marek Svatos and loses puck.
4:22 of 2nd period - Off-side.
4:23 of 2nd period - Anze Kopitar wins face-off versus Ryan O'Reilly in neutral zone.
4:36 of 2nd period - Wrist shot by Jonathan Drouin.
4:36 of 2nd period - Stopped by Petr Mrazek without a rebound.
4:37 of 2nd period - Nathan MacKinnon wins face-off versus Max Reinhart in Panthers zone.
4:45 of 2nd period - Icing by Jake Gardiner.
4:46 of 2nd period - Max Reinhart wins face-off versus Nathan MacKinnon in Panthers zone.
4:51 of 2nd period - Slapshot by Nail Yakupov.
4:51 of 2nd period - Shot Misses the Net.
6:15 of 2nd period - Snap shot by Mikko Rantanen.
6:15 of 2nd period - Stopped by Petr Mrazek without a rebound.
6:16 of 2nd period - Anze Kopitar wins face-off versus Matt Duchene in Panthers zone.
6:19 of 2nd period - Snap shot by Jonathan Drouin.
6:19 of 2nd period - Shot Misses the Net.
6:21 of 2nd period - Backhand shot by Raphael Diaz.
6:21 of 2nd period - Deflect By Joe Pavelski.
6:21 of 2nd period - Shot Misses the Net.
6:21 of 2nd period - Puck is out of play.
6:22 of 2nd period - Matt Duchene wins face-off versus Anze Kopitar in Panthers zone.
6:36 of 2nd period - Alex Galchenyuk is hit by Jonathan Drouin and loses puck.
7:34 of 2nd period - Dany Heatley is hit by Nikolaj Ehlers and loses puck.
7:40 of 2nd period - Off-side.
7:41 of 2nd period - Matt Duchene wins face-off versus Brayden Point in neutral zone.
8:31 of 2nd period - Wrist shot by Nikolaj Ehlers.
8:31 of 2nd period - Stopped by Petr Mrazek without a rebound.
8:32 of 2nd period - Nathan MacKinnon wins face-off versus Max Reinhart in Panthers zone.
9:03 of 2nd period - Icing by Aaron Ekblad.
9:04 of 2nd period - Matt Duchene wins face-off versus Derek Boogaard in Kings zone.
9:33 of 2nd period - Ryan O'Reilly is hit by Jonathan Drouin and loses puck.
9:57 of 2nd period - Slapshot by Oscar Klefbom.
9:57 of 2nd period - Shot Blocked by Nikita Zaitsev.
10:13 of 2nd period - Nail Yakupov is hit by Sergei Shirokov and loses puck.
10:21 of 2nd period - Backhand shot by Seth Jones.
10:21 of 2nd period - Stopped by Petr Mrazek with a rebound.
10:23 of 2nd period - Snap shot by Anze Kopitar.
10:23 of 2nd period - Shot Misses the Net.
10:29 of 2nd period - Minor Penalty to Jake Gardiner for Holding.
10:30 of 2nd period - Max Reinhart wins face-off versus Nathan MacKinnon in Panthers zone.
10:30 of 2nd period - Max Reinhart is hit by Anze Kopitar.
12:06 of 2nd period - Nikolaj Ehlers is hit by Sean Bergenheim and loses puck.
12:15 of 2nd period - Sean Bergenheim is hit by Eric Gryba and loses puck.
12:29 of 2nd period - Penalty to Jake Gardiner is over, Jake Gardiner is back on ice.
12:44 of 2nd period - Snap shot by David Pastrnak.
12:44 of 2nd period - Shot Blocked by Eric Gryba.
13:36 of 2nd period - Nikita Zaitsev is hit by Josh Gorges and loses puck.
14:28 of 2nd period - Snap shot by Nail Yakupov.
14:28 of 2nd period - Shot Blocked by Raphael Diaz.
14:44 of 2nd period - Snap shot by Marek Svatos.
14:44 of 2nd period - Stopped by Petr Mrazek with a rebound.
14:46 of 2nd period - Snap shot by Eric Gryba.
14:46 of 2nd period - Stopped by Petr Mrazek without a rebound.
14:47 of 2nd period - Anze Kopitar wins face-off versus Alex Galchenyuk in Panthers zone.
15:04 of 2nd period - Wrist shot by Alex Galchenyuk.
15:04 of 2nd period - Stopped by Cory Schneider with a rebound.
15:37 of 2nd period - Jonathan Drouin is hit by Luke Glendening.
16:59 of 2nd period - Wrist shot by David Pastrnak.
16:59 of 2nd period - Stopped by Cory Schneider with a rebound.
17:01 of 2nd period - Wrist shot by David Pastrnak.
17:01 of 2nd period - Stopped by Cory Schneider with a rebound.
17:08 of 2nd period - Icing by Nikita Zaitsev.
17:09 of 2nd period - Anze Kopitar wins face-off versus Ryan O'Reilly in Kings zone.
17:33 of 2nd period - Minor Penalty to Raphael Diaz for Slashing.
17:34 of 2nd period - Anze Kopitar wins face-off versus David Pastrnak in Kings zone.
17:52 of 2nd period - Nikita Zaitsev is hit by Matt Duchene and loses puck.
18:26 of 2nd period - Icing by Oscar Klefbom.
18:27 of 2nd period - Matt Duchene wins face-off versus Gabriel Landeskog in Panthers zone.
18:32 of 2nd period - Derek Boogaard is hit by Oscar Klefbom.
18:36 of 2nd period - Alex Galchenyuk is hit by Nikita Zaitsev.
18:42 of 2nd period - Gabriel Landeskog is hit by Sean Bergenheim.
19:26 of 2nd period - Snap shot by Sergei Shirokov.
19:26 of 2nd period - Goal by Sergei Shirokov - Panthers : 2 - Kings : 2.
19:27 of 2nd period - Matt Duchene wins face-off versus Anze Kopitar in neutral zone.
19:33 of 2nd period - Penalty to Raphael Diaz is over, Raphael Diaz is back on ice.
19:36 of 2nd period - Wrist shot by Matt Duchene.
19:36 of 2nd period - Shot Misses the Net.
19:38 of 2nd period - Wrist shot by Danny DeKeiser.
19:38 of 2nd period - Stopped by Cory Schneider without a rebound.
19:39 of 2nd period - Nathan MacKinnon wins face-off versus Matt Duchene in Kings zone.
19:39 of 2nd period - Nathan MacKinnon is hit by Matt Duchene.
19:53 of 2nd period - Snap shot by Matt Duchene.
19:53 of 2nd period - Shot Misses the Net.
Goals for this period are 1 for Panthers vs 2 for Kings.
Shots for this period are 8 for Panthers vs 10 for Kings.

3rd period


0:01 of 3rd period - Anze Kopitar wins face-off versus Ryan O'Reilly in neutral zone.
0:03 of 3rd period - Minor Penalty to Anze Kopitar for Roughing.
0:04 of 3rd period - Gabriel Landeskog wins face-off versus Matt Duchene in Kings zone.
0:30 of 3rd period - Joe Pavelski is hit by Ryan O'Reilly and loses puck.
0:49 of 3rd period - David Pastrnak is hit by Nikita Zaitsev and loses puck.
2:03 of 3rd period - Penalty to Anze Kopitar is over, Anze Kopitar is back on ice.
2:10 of 3rd period - Snap shot by Drew Stafford.
2:10 of 3rd period - Stopped by Cory Schneider with a rebound.
2:12 of 3rd period - Snap shot by Daultan Leveillé.
2:12 of 3rd period - Stopped by Cory Schneider without a rebound.
2:13 of 3rd period - Anze Kopitar wins face-off versus Daultan Leveillé in Kings zone.
2:13 of 3rd period - Anze Kopitar is hit by Jake Gardiner.
2:25 of 3rd period - Icing by Dany Heatley.
2:26 of 3rd period - Anze Kopitar wins face-off versus Daultan Leveillé in Panthers zone.
2:35 of 3rd period - Slapshot by Anze Kopitar.
2:35 of 3rd period - Stopped by Petr Mrazek without a rebound.
2:36 of 3rd period - Anze Kopitar wins face-off versus Matt Duchene in Panthers zone.
2:59 of 3rd period - Wrist shot by Anze Kopitar.
2:59 of 3rd period - Stopped by Petr Mrazek with a rebound.
3:17 of 3rd period - Wrist shot by Anze Kopitar.
3:17 of 3rd period - Shot Misses the Net.
3:31 of 3rd period - Jonathan Sigalet is hit by Jonathan Drouin and loses puck.
3:40 of 3rd period - Wrist shot by Anze Kopitar.
3:40 of 3rd period - Shot Misses the Net.
3:42 of 3rd period - Slapshot by Aaron Ekblad.
3:42 of 3rd period - Deflect By Alex Galchenyuk.
3:42 of 3rd period - Stopped by Petr Mrazek with a rebound.
3:44 of 3rd period - Slapshot by Jonathan Drouin.
3:44 of 3rd period - Stopped by Petr Mrazek with a rebound.
3:46 of 3rd period - Wrist shot by Jonathan Drouin.
3:46 of 3rd period - Stopped by Petr Mrazek with a rebound.
3:48 of 3rd period - Wrist shot by Seth Jones.
3:48 of 3rd period - Shot Blocked by Jonathan Sigalet.
3:50 of 3rd period - Wrist shot by Jonathan Drouin.
3:50 of 3rd period - Shot Misses the Net.
5:06 of 3rd period - Snap shot by Seth Jones.
5:06 of 3rd period - Stopped by Petr Mrazek with a rebound.
5:08 of 3rd period - Slapshot by Seth Jones.
5:08 of 3rd period - Stopped by Petr Mrazek with a rebound.
5:12 of 3rd period - Snap shot by Anze Kopitar.
5:12 of 3rd period - Deflect By Joe Pavelski.
5:12 of 3rd period - Stopped by Petr Mrazek with a rebound.
5:14 of 3rd period - Slapshot by Jonathan Drouin.
5:14 of 3rd period - Stopped by Petr Mrazek with a rebound.
5:16 of 3rd period - Slapshot by Joe Pavelski.
5:16 of 3rd period - Shot Blocked by David Pastrnak.
5:20 of 3rd period - Snap shot by Joe Pavelski.
5:20 of 3rd period - Stopped by Petr Mrazek with a rebound.
5:22 of 3rd period - Snap shot by Jonathan Drouin.
5:22 of 3rd period - Shot Blocked by Josh Gorges.
5:24 of 3rd period - Slapshot by Seth Jones.
5:24 of 3rd period - Deflect By Anze Kopitar.
5:24 of 3rd period - Shot Misses the Net.
5:24 of 3rd period - Puck is out of play.
5:25 of 3rd period - Nathan MacKinnon wins face-off versus Drew Stafford in Panthers zone.
5:48 of 3rd period - Minor Penalty to Nikita Zaitsev for Cross-checking.
5:49 of 3rd period - Sergei Shirokov wins face-off versus Ryan O'Reilly in Kings zone.
6:04 of 3rd period - Slapshot by Erik Gudbranson.
6:04 of 3rd period - Shot Misses the Net.
7:48 of 3rd period - Penalty to Nikita Zaitsev is over, Nikita Zaitsev is back on ice.
8:03 of 3rd period - Nikita Zaitsev is hit by Max Reinhart and loses puck.
10:01 of 3rd period - Icing by Seth Jones.
10:02 of 3rd period - Anze Kopitar wins face-off versus Ryan O'Reilly in Kings zone.
10:52 of 3rd period - Slapshot by Erik Gudbranson.
10:52 of 3rd period - Stopped by Cory Schneider with a rebound.
11:26 of 3rd period - Icing by Nikita Zaitsev.
11:27 of 3rd period - Daultan Leveillé wins face-off versus Anze Kopitar in Kings zone.
11:28 of 3rd period - Slapshot by Luke Glendening.
11:28 of 3rd period - Stopped by Cory Schneider without a rebound.
11:29 of 3rd period - Dany Heatley wins face-off versus Anze Kopitar in Kings zone.
11:35 of 3rd period - Minor Penalty to Nikita Zaitsev for Hooking.
11:36 of 3rd period - Matt Duchene wins face-off versus Anze Kopitar in Kings zone.
11:44 of 3rd period - Snap shot by Matt Duchene.
11:44 of 3rd period - Shot Blocked by Raphael Diaz.
11:46 of 3rd period - Snap shot by David Pastrnak.
11:46 of 3rd period - Shot Misses the Net.
13:21 of 3rd period - Alex Galchenyuk is hit by Derek Boogaard and loses puck.
13:35 of 3rd period - Penalty to Nikita Zaitsev is over, Nikita Zaitsev is back on ice.
14:03 of 3rd period - Gabriel Landeskog is hit by Nail Yakupov and loses puck.
14:18 of 3rd period - Slapshot by Seth Jones.
14:18 of 3rd period - Stopped by Petr Mrazek with a rebound.
14:20 of 3rd period - Slapshot by Marek Svatos.
14:20 of 3rd period - Stopped by Petr Mrazek without a rebound.
14:21 of 3rd period - Daultan Leveillé wins face-off versus Nathan MacKinnon in Panthers zone.
14:30 of 3rd period - Nathan MacKinnon is hit by Josh Gorges and loses puck.
14:45 of 3rd period - Wrist shot by Sean Bergenheim.
14:45 of 3rd period - Goal by Sean Bergenheim - Panthers : 3 - Kings : 2.
14:46 of 3rd period - Mikko Rantanen wins face-off versus Ryan O'Reilly in neutral zone.
15:37 of 3rd period - Icing by Max Reinhart.
15:38 of 3rd period - Max Reinhart wins face-off versus Nathan MacKinnon in Panthers zone.
15:55 of 3rd period - Snap shot by Matt Duchene.
15:55 of 3rd period - Shot Misses the Net.
16:08 of 3rd period - Off-side.
16:09 of 3rd period - Brayden Point wins face-off versus Ryan O'Reilly in neutral zone.
16:25 of 3rd period - Snap shot by Marek Svatos.
16:25 of 3rd period - Stopped by Petr Mrazek with a rebound.
16:43 of 3rd period - Snap shot by Max Reinhart.
16:43 of 3rd period - Stopped by Cory Schneider with a rebound.
16:45 of 3rd period - Backhand shot by Jake Gardiner.
16:45 of 3rd period - Shot Misses the Net.
16:59 of 3rd period - Icing by Matt Duchene.
17:00 of 3rd period - Nathan MacKinnon wins face-off versus Matt Duchene in Panthers zone.
17:09 of 3rd period - Snap shot by Nathan MacKinnon.
17:09 of 3rd period - Stopped by Petr Mrazek with a rebound.
17:11 of 3rd period - Wrist shot by Nathan MacKinnon.
17:11 of 3rd period - Goal by Nathan MacKinnon - Panthers : 3 - Kings : 3.
17:12 of 3rd period - Max Reinhart wins face-off versus Brayden Point in neutral zone.
17:25 of 3rd period - Wrist shot by Nail Yakupov.
17:25 of 3rd period - Stopped by Cory Schneider without a rebound.
17:26 of 3rd period - Matt Duchene wins face-off versus Brayden Point in Kings zone.
17:30 of 3rd period - Minor Penalty to Alex Galchenyuk for Hooking.
17:31 of 3rd period - Nathan MacKinnon wins face-off versus Max Reinhart in Panthers zone.
17:40 of 3rd period - Wrist shot by Mikko Rantanen.
17:40 of 3rd period - Stopped by Petr Mrazek without a rebound.
17:41 of 3rd period - Nathan MacKinnon wins face-off versus Max Reinhart in Panthers zone.
17:44 of 3rd period - Slapshot by Nathan MacKinnon.
17:44 of 3rd period - Shot Misses the Net.
18:14 of 3rd period - Wrist shot by Seth Jones.
18:14 of 3rd period - Shot Misses the Net.
18:29 of 3rd period - Ryan O'Reilly is hit by Gabriel Landeskog and loses puck.
19:00 of 3rd period - Backhand shot by Gabriel Landeskog.
19:00 of 3rd period - Deflect By Nathan MacKinnon.
19:00 of 3rd period - Stopped by Petr Mrazek without a rebound.
19:01 of 3rd period - Max Reinhart wins face-off versus Brayden Point in Panthers zone.
19:30 of 3rd period - Penalty to Alex Galchenyuk is over, Alex Galchenyuk is back on ice.
Goals for this period are 1 for Panthers vs 1 for Kings.
Shots for this period are 7 for Panthers vs 17 for Kings.

Overtime #1


0:01 of 1st overtime period - Anze Kopitar wins face-off versus Matt Duchene in neutral zone.
0:38 of 1st overtime period - Raphael Diaz is hit by Oscar Klefbom and loses puck.
1:04 of 1st overtime period - Wrist shot by Derek Boogaard.
1:04 of 1st overtime period - Stopped by Petr Mrazek with a rebound.
2:56 of 1st overtime period - Icing by Nikita Zaitsev.
2:57 of 1st overtime period - Nathan MacKinnon wins face-off versus Matt Duchene in Kings zone.
3:21 of 1st overtime period - Raphael Diaz is hit by David Pastrnak.
4:24 of 1st overtime period - Raphael Diaz is hit by Dany Heatley.
4:50 of 1st overtime period - Jonathan Sigalet is hit by Aaron Ekblad and loses puck.
Goals for this period are 0 for Panthers vs 0 for Kings.
Shots for this period are 0 for Panthers vs 1 for Kings.

ShootOut


5:00 of 1st overtime period - Round #1.
5:00 of 1st overtime period - Panthers, Alex Galchenyuk.
5:00 of 1st overtime period - Deke by Alex Galchenyuk.
5:00 of 1st overtime period - Goal by Alex Galchenyuk.
5:00 of 1st overtime period - Kings, Anze Kopitar.
5:00 of 1st overtime period - Backhand shot by Anze Kopitar.
5:00 of 1st overtime period - Shot Misses the Net.
5:00 of 1st overtime period - Round #2.
5:00 of 1st overtime period - Panthers, David Pastrnak.
5:00 of 1st overtime period - Snap shot by David Pastrnak.
5:00 of 1st overtime period - Goal by David Pastrnak.
5:00 of 1st overtime period - Kings, Mikko Rantanen.
5:00 of 1st overtime period - Wrist shot by Mikko Rantanen.
5:00 of 1st overtime period - Shot Misses the Net.
5:00 of 1st overtime period - Round #3. Output by the SimonT Hockey Simulator (STHS) for Francois Prevost - Original Page W3C HTML5 Valid
Hockey Simulator - Hockey Simulation - Hockey Manager